← All builds
Tech / Armada / Economy first / OBSERVED BUILD

Standard tech

Armada Tech (Eco) build order · Supreme Isthmus

Rushes T2 by 4:15, gets Advanced Metal Extractor around 5:28, hands off T2 constructors to Geo and the team, then scales eco and supplies the team's T2 needs through the rest of the game.

Usually first T2 con to Geo (83%)

#eco #t2 #team support · 1579 distinct matches · 255 players · 58% of Armada Tech games · team won 53% of 1874 · Recently observed

HOW TO PLAY IT

Key timing: T2 factory by 4:15

  1. Open 3 mex and heavy wind to fund a fast T2 rush.
  2. Put down Bot Lab, planning to eat it for reclaim soon after.
  3. Get Advanced Bot Lab up, hitting the T2 factory rush timing.
  4. Upgrade mex to Advanced Metal Extractor to lock in team metal income.
  5. Eat Advanced Bot Lab and keep sending cons to Geo and Pond.

Phase by phase

TYPICAL OF ITS 1579 GAMES
  1. 1
  2. 2
  3. 3
  4. 4
PLAY THE OPENING

Follow the example game's first 6:00 step by step: what to build now, what comes next, and where it goes. At 1× it keeps pace with your own game.

  1. 1

    Up to the Bot Lab

    Economy
    • Metal Extractor3Mex
    • Wind Turbine4Wind
    Order
    1. Bot LabBot Lab after 3 mex, 4 winddone ~1:18, middle half 1:13–1:32

    Some games also: energy storage (31%)

    By 1:01 in all: 3 mex · 4 wind

    The example game in this phase · 4 steps
    1. Mex ×3
    2. Wind ×4
    3. Energy storage
    4. Bot LabBot Labdone 1:30 · typical 1:18
  2. 2

    Bot Lab to Advanced Bot Lab

    Economy
    • Metal Extractor1Mex
    • Wind Turbine8Wind
    • Energy Storage1Energy storage
    Order
    1. Advanced Bot LabAdvanced Bot Lab after 4 mex, 12 wind, 3 con turretdone ~4:16, middle half 4:04–4:30
    Builders
    • Construction Turret3 Con turret
    • Lazarus3 Lazarus
    • Construction Bot2 Con bot
    • Construction Bot1 Con bot for allies

    Some games also: converter (36%)

    By 3:18 in all: 4 mex · 12 wind · 1 energy storage · 3 con turret

    The example game in this phase · 14 steps
    1. Construction BotCon bot
    2. LazarusLazarus
    3. Wind ×3
    4. LazarusLazarus
    5. Construction BotCon botfor Air
    6. Mex
    7. LazarusLazarus ×2
    8. Construction BotCon bot ×2
    9. Wind ×2
    10. Con turret
    11. Wind ×2
    12. Con turret ×2
    13. Wind ×4
    14. Advanced Bot LabAdvanced Bot Labdone 4:54 · typical 4:16
  3. 3

    Advanced Bot Lab to 5:00

    Economy
    • Wind Turbine3Wind
    Order
    1. Bot LabEat Bot Lab
    Builders
    • Advanced Construction Bot1 T2 con bot for allies

    Some games also: converter (35%)

    By 5:00 in all: 4 mex · 15 wind · 1 converter · 1 energy storage · 3 con turret

    The example game in this phase · 8 steps
    1. Converter
    2. Bot LabEat Bot Labreclaimed for its metal
    3. Wind ×2
    4. Converter
    5. Wind ×2
    6. Converter
    7. Advanced Construction BotT2 con botfor Geo
    8. Wind ×2
  4. 4

    5:00 to 10:00

    Economy
    • Wind Turbine43Wind
    • Energy Converter6Converter
    Builders
    • Butler9 Butler
    • Advanced Construction Bot4 T2 con bot for allies
    • Advanced Construction Bot1 T2 con bot

    Some games also: con turret (43%) · Butler for allies (36%)

    By 10:00 in all: 4 mex · 58 wind · 8 converter · 1 energy storage · 3 con turret

    The example game in this phase · 173 steps
    1. Wind
    2. GunslingerGunslingerfor Ponddone 6:16
    3. Converter
    4. Wind
    5. Advanced Metal ExtractorT2 mexnot finished by 15:00 · typical 5:29
    6. Wind ×2
    7. Converter
    8. Wind ×2
    9. Converter
    10. Wind
    11. Advanced Construction BotT2 con botfor Air
    12. Wind ×4
    13. Converter
    14. Wind
    15. Advanced Metal ExtractorT2 mex
    16. Wind ×2
    17. Advanced Metal ExtractorT2 mex
    18. Converter
    19. Wind
    20. Advanced Construction BotT2 con bot
    21. Wind ×2
    22. Advanced Construction BotT2 con botfor Suicide front
    23. Converter
    24. Wind ×4
    25. Converter
    26. Wind
    27. Advanced Construction BotT2 con botfor Beach sea
    28. Converter
    29. Wind ×4
    30. Converter ×2
    31. Wind
    32. Converter
    33. Wind
    34. Advanced Construction BotT2 con botfor Pond
    35. Converter
    36. ButlerButler
    37. Wind
    38. Converter
    39. Advanced Metal ExtractorT2 mex
    40. Wind ×2
    41. Advanced Construction BotT2 con botfor Beach sea
    42. Converter
    43. ButlerButler
    44. Wind
    45. ButlerButler
    46. Wind
    47. Advanced Metal ExtractorT2 mex
    48. Converter
    49. Wind
    50. Converter
    51. Wind ×2
    52. ButlerButler
    53. Converter
    54. Wind
    55. ButlerButler
    56. Wind
    57. Advanced Construction BotT2 con botfor Geo
    58. Wind ×2
    59. Converter
    60. ButlerButler ×2
    61. Converter
    62. Wind
    63. ButlerButler
    64. Wind
    65. ButlerButler
    66. Wind
    67. ButlerButler
    68. Wind ×4
    69. ButlerButler
    70. Wind ×8
    71. Converter
    72. Wind ×5
    73. Advanced Construction BotT2 con bot
    74. Wind ×3
    75. Converter
    76. Wind
    77. Converter
    78. Wind
    79. Con turret
    80. Wind
    81. Converter
    82. Wind ×2
    83. Converter
    84. Wind ×4
    85. Converter
    86. Con turret
    87. Wind ×2
    88. Converter
    89. Wind ×4
    90. Converter
    91. Wind ×2
    92. Converter
    93. Wind ×3
    94. Converter
    95. Metal storage
    96. Wind ×3
    97. Con turret
    98. Converter
    99. Con turret
    100. Wind
    101. Con turret
    102. Wind ×2
    103. Converter
    104. Con turret
    105. Wind
    106. Con turret
    107. Wind
    108. Converter
    109. Wind ×2
    110. Converter
    111. Wind ×3
    112. Converter
    113. Wind ×3
    114. Converter
    115. Wind ×2
    116. Converter
    117. Wind ×3
    118. Converter
    119. Wind
    120. Con turret
    121. Wind ×2
    122. Converter
    123. Wind
    124. Advanced Bot LabEat Advanced Bot Labreclaimed for its metal
    125. Wind ×2
    126. Converter
    127. Con turret
    128. Aircraft PlantAircraft Plantdone 13:13
    129. Wind
    130. Converter
    131. Wind ×3
    132. Aircraft PlantAircraft Plantdone 13:19
    133. Converter
    134. Wind ×3
    135. Converter
    136. Wind ×3
    137. BlinkScout plane ×2
    138. Wind ×2
    139. FalconFighter ×3
    140. Converter
    141. Wind
    142. FalconFighter
    143. Wind
    144. FalconFighter
    145. Wind
    146. Converter
    147. Wind
    148. FalconFighter
    149. Wind
    150. Converter
    151. FalconFighter
    152. Wind
    153. FalconFighter
    154. Wind ×2
    155. Converter
    156. FalconFighter ×2
    157. Converter
    158. Wind
    159. FalconFighter
    160. Wind
    161. FalconFighter
    162. Wind
    163. FalconFighter
    164. Converter
    165. Wind
    166. FalconFighter ×2
    167. Wind
    168. FalconFighter
    169. Converter
    170. FalconFighter
    171. Wind
    172. FalconFighter
    173. Wind

Counts are medians over the build's games: half of them build more, half fewer. The example game is [Crd]HahnII's (31 OS, 14/10/2026); pick another.

Team trades

IN AT LEAST 30% OF ITS GAMES

You hand over

  • Construction Bot1 Con bot to Airfirst at 2:23 · in 84% of games
  • Advanced Construction Bot5 T2 con bot to Air or Geo sea or Pondfirst at 4:50 · in 99% of games
  • Butler2 Butler to Geo sea or Beach sea or Pondfirst at 9:07 · in 42% of games

You get

  • Hercules1 Light transport from Airfirst at 4:01 · in 86% of games

How it plays out

Typical game of this build, running totals by minute

Metal produced

020k40k
0:005:0010:0015:00

metal

Enemy metal destroyed

050100
0:005:0010:0015:00

metal

Own metal lost

050100150
0:005:0010:0015:00

metal

1874 games.

Show as table
ByMetal produced: This buildEnemy metal destroyed: This buildOwn metal lost: This build
1:0038300
2:0091500
3:00165100
4:00314400
5:00484700
6:00580000
7:00722700
8:00906100
9:001117300
10:001350300
11:001624200
12:001965600
13:002344500
14:0027362073
15:003154285130
WHAT THE NUMBERS SAY

Standard Tech play barely fights at all early, instead pouring metal into T2 infrastructure and constructors for the team.

  • + Metal produced hits 31679 by 15:00, by far the highest of any role here.
  • + T2 factory reached in 97% of games by 4:15, fastest and most reliable T2 timing.
  • − Enemy metal destroyed stays at 0 through 10:00, no early offense at all.
  • − Own metal lost also near 0, showing total avoidance of combat risk.
THE EXAMPLE YOU ARE READING

[Crd]HahnII

30.9 OS · 14/10/2026

Open source match ↗

2 received units
1666 metal received · 39444 energy received

Allied construction assistance is unknown. Timings are observations, not a promise of solo reproducibility.

Typical milestones

Bot Lab1:18Middle 50%: 1:13–1:32 · n=1874
Advanced Bot Lab4:16Middle 50%: 4:04–4:30 · n=1867
Advanced Metal Extractor5:29Middle 50%: 5:05–5:59 · n=1870

Played most by

Amrissa93games of this buildTheGeneraI66games of this buildAdeus57games of this buildEl_Turco56games of this buildKOT_43games of this build